 Dungeon Crawl Stone Soup version 0.30-a0-596-g0af90f9a20 (webtiles) character file.

Game seed: 7082714891960615009

47950 spardeous the Spry (level 14, -13/70 HPs)
             Began as a Felid Earth Elementalist on Jan 7, 2023.
             Was an Initiate of Gozag.
             Mangled by a spriggan defender simulacrum (21 damage)
             ... in an ice cave.
             The game lasted 01:14:34 (31863 turns).

spardeous the Spry (Felid Earth Elementalist)      Turns: 31863, Time: 01:14:35

Health: -13/70     AC:  5    Str:  4    XL:     14   Next: 10%
Magic:  8/38       EV: 30    Int: 24    God:    Gozag
Gold:   2112       SH:  0    Dex: 17    Spells: 16/33 levels left
                                        Lives:  0   Deaths: 4

rFire   . . .      SeeInvis +      - Unarmed
rCold   + . .      Faith    .    (shield unavailable)
rNeg    . . .      Spirit   .    (body armour unavailable)
rPois   .          Reflect  .    (helmet unavailable)
rElec   .          Harm     .    (cloak unavailable)
rCorr   .          Rampage  .    (gloves unavailable)
Will    ++...                    (boots unavailable)
Stlth   +++                      v - amulet of Vitality {RegenMP++ Regen++}
HPRegen 1.91/turn                k - ring of magical power
MPRegen 1.06/turn                x - ring of wizardry

@: studying 2 skills, quick
A: very small, claws 1, fangs 3, see invisible, speed 1, shaggy fur 3, stealthy
paws, no weapons or thrown items, no armour, multi-lived, iridescent scales 1,
robust 1, wild magic 1
a: Renounce Religion, Potion Petition, Call Merchant, Bribe Branch


You were in an ice cave.
You worshipped Gozag.
Gozag was most pleased with you.
You visited 4 branches of the dungeon, and saw 23 of its levels.
You also visited: Bailey and Ice Cave.

You collected 8797 gold pieces.
You spent 2098 gold pieces at shops.
You paid 4587 gold pieces to Gozag.

Inventory:

Jewellery
 g - a ring of flight
 j - an amulet of guardian spirit
 k - a ring of magical power (left paw)
 o - a +6 ring of strength
 v - the amulet of Vitality (around neck) {RegenMP++ Regen++}
   (You bought it in a shop on level 1 of the Lair of Beasts)

   [amulet of magic regeneration]

   It increases your rate of magic regeneration.
   Regen:     It increases your rate of health regeneration.
 x - a ring of wizardry (right paw)
 H - a ring of resist corrosion
 M - an amulet of reflection
 P - a ring of willpower
 R - a ring of fire
Wands
 e - a wand of polymorph (10)
 l - a wand of mindburst (16)
 n - a wand of flame (77)
 D - a wand of paralysis (15)
 L - a wand of iceblast (18)
 O - a wand of light (7)
 U - a wand of digging (4)
Scrolls
 b - 2 scrolls of poison
 d - 11 scrolls of teleportation
 i - 3 scrolls of identify
 q - 3 scrolls of vulnerability
 s - a scroll of immolation
 t - 2 scrolls of brand weapon
 w - 5 scrolls of fog
 y - 2 scrolls of amnesia {unknown}
 E - a scroll of acquirement
 F - 2 scrolls of magic mapping
 G - 4 scrolls of enchant weapon
 K - a scroll of silence
 Q - a scroll of enchant armour
 T - a scroll of noise
 V - a scroll of blinking
Potions
 a - 4 potions of magic
 c - 5 potions of mutation
 f - 6 potions of curing
 h - 4 potions of might
 m - 5 potions of brilliance
 p - 5 potions of ambrosia {unknown}
 r - 19 potions of degeneration
 u - 5 potions of attraction
 A - 4 potions of haste
 B - 3 potions of resistance {unknown}
 C - 2 potions of lignification {unknown}
 J - a potion of cancellation
 S - a potion of flight
Miscellaneous
 I - a condenser vane


   Skills:
 - Level 9.1 Fighting
 - Level 18.1 Dodging
 - Level 4.0 Stealth
 + Level 10.7 Unarmed Combat
 - Level 10.3 Spellcasting
 - Level 10.0 Conjurations
 - Level 12.0 Transmutations
 - Level 12.0 Earth Magic


You had 16 spell levels left.
You knew the following spells:

 Your Spells              Type           Power      Damage    Failure   Level
a - Sandblast             Erth           100%       2d20      1%          1
b - Stone Arrow           Conj/Erth      100%       3d13      1%          3
c - Petrify               Tmut/Erth      74%        N/A       1%          4
d - Statue Form           Tmut/Erth      49%        N/A       3%          6
e - Frozen Ramparts       Ice            32%        1d5       9%          3

Your spell library contained the following spells:

 Spells                   Type           Power      Damage    Failure   Level
 Kiss of Death            Conj/Necr      100%       2d13      1%          1
 Sting                    Tmut/Pois      100%       1d8       1%          1
 Momentum Strike          Conj/Tloc      94%        3d10      1%          2
 Passwall                 Tmut/Erth      61%        N/A       1%          2
 Static Discharge         Conj/Air       94%        2-6/arc   1%          2
 Spider Form              Tmut/Pois      52%        N/A       1%          3
 Ice Form                 Ice/Tmut       52%        N/A       2%          4
 Necrotise                Necr           64%        1d7       3%          1
 Summon Small Mammal      Summ           64%        N/A       3%          1
 Blink                    Tloc           32%        N/A       4%          2
 Ensorcelled Hibernation  Hex/Ice        32%        N/A       4%          2
 Poisonous Vapours        Pois/Air       32%        N/A       4%          2
 Call Canine Familiar     Summ           16%        N/A       9%          3
 Confusing Touch          Hex            16%        N/A       9%          3
 Gell's Gravitas          Tloc           16%        N/A       9%          3
 Lesser Beckoning         Tloc           32%        N/A       9%          3
 Summon Guardian Golem    Hex/Summ       16%        N/A       9%          3
 Teleport Other           Tloc           16%        N/A       9%          3
 Vhi's Electric Charge    Tloc/Air       32%        N/A       9%          3
 Arcjolt                  Conj/Air       23%        1d33      11%         5
 Lightning Bolt           Conj/Air       23%        1d39      11%         5
 Anguish                  Hex/Necr       8%         N/A       26%         4
 Dispel Undead            Necr           16%        3d10      26%         4
 Olgreb's Toxic Radiance  Pois           16%        N/A       26%         4
 Summon Ice Beast         Ice/Summ       16%        N/A       26%         4
 Borgnjor's Revivificati  Necr           8%         N/A       100%        8


Dungeon Overview and Level Annotations

Branches:
Dungeon (15/15)            Temple (1/1) D:4            Lair (5/5) D:10
  Swamp (0/4) Lair:3       Spider (0/4) Lair:3        Slime (0/5) Lair:4
    Orc (2/2) D:9             Elf (0/3) Orc:2        Vaults (0/5) D:13
 Bailey (visited)           IceCv (1/1)
 Depths: D:15

Altars:
Ashenzari
Cheibriados
Dithmenos
Elyvilon
Fedhas
Gozag
Hepliaklqana
Kikubaaqudgha
Makhleb
Nemelex Xobeh
Okawaru
Qazlal
Ru
Sif Muna
Trog
Uskayaw
Vehumet
Wu Jian
Xom
Yredelemnul
Zin
The Shining One

Shops:
D:13 *   Orc:1 :   Orc:2 ([=?   Lair:1 !!:?=

Portals:
Trove: D:10 (give 2 scrolls of acquirement)


Innate Abilities, Weirdness & Mutations

You have sharp claws.
You have razor-sharp teeth.
You have supernaturally acute eyesight. (SInv)
You cover ground quickly. (Speed+)
Your thick and shaggy fur keeps you warm. (AC +3, rC+)
Your paws help you pounce on unaware monsters.
You are incapable of wielding weapons or throwing items.
You cannot wear armour.
You gain extra lives every three experience levels.
You are partially covered in iridescent scales. (AC +2)
You are robust. (+10% HP)
Your spells are a little harder to cast, but a little more powerful.


Message History

The spriggan defender simulacrum freezes you!
You resist.
The spriggan defender simulacrum closely misses you.
Casting: Stone Arrow (safe; 1% risk of failure)
Confirm with . or Enter, or press ? or * to list all spells.
Aiming: Stone Arrow (safe; 1% risk of failure)
Press: ? - help, Shift-Dir - straight line, f/p - spriggan defender simulacrum
Aim: a spriggan defender simulacrum (freezing vapour, severely damaged, 58% to hit)
The stone arrow hits the spriggan defender simulacrum!
The spriggan defender simulacrum vaporises!
Casting: Stone Arrow (safe; 1% risk of failure)
Confirm with . or Enter, or press ? or * to list all spells.
Aiming: Stone Arrow (safe; 1% risk of failure)
Press: ? - help, Shift-Dir - straight line, f - spriggan defender simulacrum
Aim: a spriggan defender simulacrum (58% to hit)
The stone arrow hits the spriggan defender simulacrum.
The spriggan defender simulacrum is lightly damaged.
Casting: Stone Arrow (safe; 1% risk of failure)
Confirm with . or Enter, or press ? or * to list all spells.
Aiming: Stone Arrow (safe; 1% risk of failure)
Press: ? - help, Shift-Dir - straight line, f/p - spriggan defender simulacrum
Aim: a spriggan defender simulacrum (lightly damaged, 58% to hit)
The stone arrow hits the spriggan defender simulacrum!!
The spriggan defender simulacrum is severely damaged.
The spriggan defender simulacrum barely misses you.
Casting: Stone Arrow (safe; 1% risk of failure)
Confirm with . or Enter, or press ? or * to list all spells.
Aiming: Stone Arrow (safe; 1% risk of failure)
Press: ? - help, Shift-Dir - straight line, f/p - spriggan defender simulacrum
Aim: a spriggan defender simulacrum (severely damaged, 58% to hit)
The stone arrow misses the spriggan defender simulacrum.
The spriggan defender simulacrum hits you!!
The spriggan defender simulacrum freezes you!
You resist.
The spriggan defender simulacrum hits you!
* * * LOW HITPOINT WARNING * * *
The spriggan defender simulacrum freezes you!!
You resist.
You die...
Your body crumbles into a pile of gold.

###### ######### ###### #....##
###....#.~######..... .#....##
###.....#.##~~##..##...
#.##...####...###.#####~~~######.
≈≈≈###..#...### ### ##~~≈≈≈≈≈##
≈≈≈≈##...######### #≈≈≈≈≈≈≈###
##≈≈##########..@### #≈≈≈≈≈≈≈##.#
.##≈# ##...[.##Z$###≈≈≈≈≈≈≈≈≈..
..### ##...⌠...###$.#≈≈≈≈≈≈≈≈#.#
...## #........##...##≈≈≈≈≈≈#...
##..# #...#########$.##≈≈≈###.##
#...## ###.# .### #..##
###..###...# Z# ##..# ###....###
ZZ ##.. ###### Z. ##.


You could see a spriggan defender simulacrum.

Vanquished Creatures
  Saint Roka (Orc:2)
  An Ice Fiend (IceCv)
  Frances (D:14)
  Kirke (Lair:3)
  Gastronok (D:10)
  An orc warlord (Orc:2)
  Nessos (D:12)
  A dire elephant (Lair:3)
  The ghost of DSscumlord the Skirmisher, a journeyman DsMo of Wu Jian (Lair:1)
  4 hydras
  Fannar (Lair:2)
  4 vault guards (D:13)
  3 catoblepae (Lair:5)
  2 caustic shrike simulacra (IceCv)
  7 two-headed ogres
  7 centaur warriors
  2 merfolk aquamancers (D:12)
  4 death yaks (Lair:5)
  2 tengu warriors
  3 orc high priests
  A fire crab (shapeshifter) (D:14)
  3 skeletal warriors (D:13)
  Lodul (D:14)
  A wizard (D:10)
  A bog body (IceCv)
  2 lindwurms
  Pikel (D:8)
  5 spriggan simulacra (IceCv)
  2 deep elf pyromancers
  2 orc sorcerers
  2 orc knights (Orc:2)
  6 cyclopes
  6 ugly things
  28 elephants
  3 manticores
  8 black mambas
  2 water nymphs (D:12)
  2 torpor snails (Lair:1)
  A gargoyle (D:12)
  2 unseen horrors
  5 yaktaurs (D:13)
  6 cane toads
  Maggie (Lair:2)
  An efreet (D:10)
  4 ice devils (IceCv)
  5 komodo dragons
  3 anaconda simulacra (IceCv)
  2 kobold demonologists (D:12)
  6 rime drakes
  3 freezing wraiths (IceCv)
  2 polar bears
  6 trolls
  15 blink frogs
  2 hornets
  10 dream sheep
  A centaur simulacrum (D:14)
  A dire elephant simulacrum (IceCv)
  5 slime creatures
  A spriggan (shapeshifter) (D:9)
  3 spriggans
  2 vampires
  2 wraiths
  Eustachio (D:4)
  3 wyverns
  2 hogs
  A human (D:13)
  11 vampire mosquitoes
  5 basilisks
  68 yaks
  12 minotaur simulacra (IceCv)
  Menkaure (D:4)
  5 steam dragons
  Edmund (D:4)
  3 wargs
  3 acid dragons
  2 harpy simulacra (IceCv)
  12 water moccasins
  Duvessa (D:7)
  A floating eye (shapeshifter) (D:14)
  31 orc warriors
  An alligator simulacrum (IceCv)
  2 black bears
  21 wolves
  8 centaurs
  3 ettin simulacra (IceCv)
  13 ogres
  2 lemures
  2 phantoms (D:6)
  7 bullfrogs
  A gnoll sergeant (D:8)
  2 kobold brigands
  Blork the orc (D:4)
  6 deep troll simulacra (IceCv)
  4 scorpions
  3 necrophages
  Dowan (D:7)
  2 lindwurm simulacra (IceCv)
  3 killer bees (D:8)
  6 electric eels (Lair:3)
  5 howler monkeys
  3 hounds
  Crazy Yiuf (D:7)
  5 jellies
  3 gnoll boudas (D:4)
  25 orc priests
  Ijyb (D:3)
  Natasha (thrice) (D:3)
  37 orc wizards
  5 hell rats
  33 gnolls
  8 adders
  A shadow imp (D:7)
  A white imp (D:6)
  2 ufetubi
  2 worms
  2 dart slugs (D:5)
  105 orcs
  7 ball pythons
  6 bats
  4 endoplasms
  4 giant cockroaches
  8 goblins
  8 hobgoblins
  11 jackals (D:4)
  18 kobolds
  5 quokkas
  5 rats
782 creatures vanquished.

Vanquished Creatures (others)
  3 humans (Lair:3)
  114 fungi
  113 plants
230 creatures vanquished.

Grand Total: 1012 creatures vanquished

Notes
Turn   | Place    | Note
-------+----------+-------------------------------------------
     0 | D:1      | spardeous the Felid Earth Elementalist began the quest for
                  | the Orb.
     0 | D:1      | Reached XP level 1. HP: 7/7 MP: 4/4
   208 | D:1      | Reached skill level 3 in Dodging
   308 | D:2      | Reached XP level 2. HP: 11/11 MP: 3/6
   891 | D:3      | Noticed Ijyb
  1034 | D:3      | Killed Ijyb
  1035 | D:3      | Reached skill level 4 in Dodging
  1035 | D:3      | Reached XP level 3. HP: 10/14 MP: 7/7
  1206 | D:4      | Noticed an ogre
  1241 | D:4      | Killed an ogre
  1242 | D:4      | Reached skill level 5 in Dodging
  1242 | D:4      | Reached XP level 4. HP: 18/18 MP: 4/8
  1242 | D:4      | Reached XP level 5. HP: 21/21 MP: 4/9
  1535 | D:4      | Reached skill level 6 in Dodging
  1535 | D:4      | Gained mutation: You are covered in thick fur. (AC +2)
                  | [Felid growth]
  1535 | D:4      | Reached XP level 6. HP: 24/24 MP: 0/10
  1837 | D:4      | Reached skill level 5 in Earth Magic
  1956 | D:4      | Noticed Blork the orc
  1974 | D:4      | Noticed a steam dragon
  2121 | D:4      | Killed Blork the orc
  2122 | D:4      | Reached skill level 7 in Dodging
  2228 | D:4      | Noticed Menkaure
  2237 | D:4      | Killed Menkaure
  2238 | D:4      | Reached XP level 7. HP: 15/27 MP: 6/11
  2305 | D:4      | Noticed Edmund
  2388 | D:4      | Killed Edmund
  2487 | D:4      | Reached skill level 8 in Dodging
  2607 | D:4      | Killed a steam dragon
  2820 | D:4      | Found a staircase to the Ecumenical Temple.
  3052 | Temple   | Entered the Ecumenical Temple
  3058 | Temple   | Became a worshipper of Gozag Ym Sagoz the Greedy
  3416 | D:4      | Reached skill level 9 in Dodging
  3416 | D:4      | Reached XP level 8. HP: 31/31 MP: 3/12
  4203 | D:3      | Noticed Natasha
  4209 | D:3      | Killed Natasha
  4217 | D:3      | Noticed Natasha
  4223 | D:3      | Killed Natasha
  4743 | D:3      | Noticed Natasha
  4747 | D:3      | Killed Natasha
  4748 | D:3      | Reached skill level 10 in Dodging
  5382 | D:1      | You are sucked into a shaft and drop 1 floor!
  5808 | D:1      | Learned a level 3 spell: Stone Arrow
  5813 | D:1      | Learned a level 4 spell: Petrify
  6096 | D:5      | Entered Level 5 of the Dungeon
  6096 | D:5      | Noticed Eustachio
  6121 | D:4      | Killed Eustachio
  6270 | D:5      | Identified the +1 pair of boots "Foat" {rF+ Will+ Int+4}
  6870 | D:6      | Reached XP level 9. HP: 29/34 MP: 7/13
  6951 | D:6      | Reached skill level 5 in Conjurations
  7882 | D:7      | Noticed Dowan
  7883 | D:7      | Noticed Duvessa
  8255 | D:7      | Killed from afar by a steam dragon
  8256 | D:7      | Reached XP level 8. HP: -9/31 MP: 0/15
  8314 | D:7      | Reached skill level 5 in Spellcasting
  8410 | D:7      | Found a runed translucent door.
  8411 | D:7      | Noticed Crazy Yiuf
  8605 | D:7      | Killed Crazy Yiuf
  8614 | D:7      | Killed Duvessa
  8620 | D:7      | Killed Dowan
  8880 | D:8      | HP: 1/31 [killer bee (8)]
  8889 | D:8      | Reached XP level 9. HP: 27/34 MP: 14/18
  8914 | D:8      | Noticed Pikel
  9109 | D:8      | Found a flagged portal.
  9224 | Bailey   | Entered a bailey
 10083 | D:8      | Noticed a cyclops
 10291 | D:8      | Killed Pikel
 10394 | D:8      | Killed a cyclops
 10395 | D:8      | Reached XP level 10. HP: 37/37 MP: 13/20
 10590 | D:8      | Found a glowing golden altar of the Shining One.
 11052 | D:9      | Reached skill level 10 in Earth Magic
 11128 | D:9      | Found a staircase to the Orcish Mines.
 11260 | D:9      | Reached skill level 1 in Fighting
 11638 | D:10     | Entered Level 10 of the Dungeon
 11645 | D:10     | Found a portal to a secret trove of treasure.
 11665 | D:10     | Noticed a wizard
 11677 | D:10     | Killed a wizard
 11729 | D:10     | Noticed a two-headed ogre
 11744 | D:10     | Killed a two-headed ogre
 11842 | D:10     | Noticed a centaur warrior
 11846 | D:10     | Killed a centaur warrior
 11847 | D:10     | Reached skill level 5 in Fighting
 11847 | D:10     | Reached skill level 11 in Dodging
 11991 | D:10     | Noticed a two-headed ogre
 12013 | D:10     | Killed a two-headed ogre
 12090 | D:10     | Noticed a centaur warrior
 12104 | D:10     | Killed a centaur warrior
 12105 | D:10     | Reached XP level 11. HP: 19/48 MP: 5/21
 12196 | D:10     | Reached skill level 12 in Dodging
 12269 | D:10     | Noticed a deep elf pyromancer
 12353 | D:10     | Noticed a tengu warrior
 12490 | D:10     | Identified the +3 sling of the Vestibule of Hell {flame,
                  | rPois Str+9 Int-3}
 12490 | D:10     | Found a staircase to the Lair.
 12821 | D:10     | Noticed a brown ugly thing
 12940 | D:9      | Killed a brown ugly thing
 13190 | D:10     | Killed a deep elf pyromancer
 13269 | D:10     | Got the Opusculum on the Ghastly Tektite
 13323 | D:10     | Killed a tengu warrior
 13491 | D:10     | Noticed Gastronok
 14208 | D:10     | Killed Gastronok
 14209 | D:10     | Reached skill level 5 in Transmutations
 14267 | D:10     | Learned a level 6 spell: Statue Form
 14416 | D:11     | Noticed a two-headed ogre
 14439 | D:11     | Killed a two-headed ogre
 14744 | D:11     | Noticed a two-headed ogre
 14759 | D:11     | Killed a two-headed ogre
 14760 | D:11     | Gained mutation: Your thick and shaggy fur keeps you warm.
                  | (AC +3, rC+) [Felid growth]
 14760 | D:11     | Reached XP level 12. HP: 54/54 MP: 22/22
 14915 | D:11     | Noticed a two-headed ogre
 14947 | D:11     | Killed a two-headed ogre
 15023 | D:11     | Noticed a two-headed ogre
 15050 | D:11     | Killed a two-headed ogre
 15455 | Lair:1   | Entered Level 1 of the Lair of Beasts
 15499 | Lair:1   | Reached skill level 10 in Transmutations
 16041 | Lair:1   | Noticed DSscumlord's ghost (journeyman DsMo)
 16275 | Lair:1   | Found a runed translucent door.
 16736 | Lair:1   | Killed DSscumlord's ghost
 16843 | Lair:2   | Noticed Maggie
 16846 | Lair:2   | Killed Maggie
 17166 | Lair:2   | Noticed Fannar
 17204 | Lair:2   | Reached XP level 13. HP: 55/57 MP: 24/27
 17278 | Lair:2   | Killed Fannar
 17328 | Lair:2   | Reached skill level 10 in Spellcasting
 17328 | Lair:2   | Reached XP level 14. HP: 30/61 MP: 3/29
 17354 | Lair:2   | Reached skill level 10 in Conjurations
 17668 | Lair:2   | Reached skill level 13 in Dodging
 18239 | Lair:2   | Reached skill level 14 in Dodging
 18291 | Lair:3   | Found a staircase to the Swamp.
 18657 | Lair:3   | Reached skill level 15 in Dodging
 18740 | Lair:3   | Noticed Kirke
 18750 | Lair:3   | Killed Kirke
 18760 | Lair:3   | Mangled by an eight-headed hydra
 18761 | Lair:3   | Reached XP level 13. HP: -7/57 MP: 25/37
 18934 | Lair:3   | Found a hole to the Spider Nest.
 19051 | Lair:3   | Reached skill level 16 in Dodging
 20192 | Lair:3   | Noticed a dire elephant
 20263 | Lair:3   | Killed a dire elephant
 20868 | Lair:4   | Reached XP level 14. HP: 41/61 MP: 29/29
 21335 | Lair:4   | Found a staircase to the Slime Pits.
 21675 | Lair:1   | Bought a scroll of teleportation for 57 gold pieces
 21687 | Lair:1   | Bought a potion of mutation for 128 gold pieces
 21688 | Lair:1   | Bought a potion of mutation for 128 gold pieces
 21691 | Lair:1   | Gained mutation: You possess an exceptional clarity of
                  | mind. [potion of mutation]
 21691 | Lair:1   | Gained mutation: Your muscles are strong. (Str +4, Int/Dex
                  | -1) [potion of mutation]
 21692 | Lair:1   | Lost mutation: You possess an exceptional clarity of mind.
                  | [potion of mutation]
 21692 | Lair:1   | Lost mutation: Your muscles are strong. (Str +4, Int/Dex
                  | -1) [potion of mutation]
 21692 | Lair:1   | Gained mutation: Your spells are a little harder to cast,
                  | but a little more powerful. [potion of mutation]
 21692 | Lair:1   | Gained mutation: You are partially covered in iridescent
                  | scales. (AC +2) [potion of mutation]
 21692 | Lair:1   | Gained mutation: You are robust. (+10% HP) [potion of
                  | mutation]
 21774 | Lair:5   | Entered Level 5 of the Lair of Beasts
 22339 | Lair:5   | Found a broken altar of Ashenzari.
 22440 | Lair:5   | Reached skill level 1 in Unarmed Combat
 24180 | Orc:1    | Entered Level 1 of the Orcish Mines
 24513 | Orc:1    | Found Qaloch's Book Shop.
 24936 | Orc:2    | Entered Level 2 of the Orcish Mines
 24988 | Orc:2    | Noticed an orc warlord
 25304 | Orc:2    | Found Sutajila's Jewellery Boutique.
 25571 | Orc:2    | Found Kiehese's Magic Scroll Boutique.
 26019 | Orc:2    | Noticed Saint Roka
 26116 | Lair:1   | Bought the amulet of Vitality {RegenMP++ Regen++} for 1600
                  | gold pieces
 26116 | Lair:1   | Found the amulet of Vitality {RegenMP++ Regen++}
 26456 | Orc:2    | Killed an orc warlord
 26632 | Orc:2    | Killed Saint Roka
 26633 | Orc:2    | Reached skill level 5 in Unarmed Combat
 26903 | Orc:2    | Found Buynoef's Antique Weapon Emporium.
 26905 | Orc:2    | Found Raroulewio's Antique Armour Shoppe.
 27020 | Orc:2    | Found a staircase to the Elven Halls.
 27077 | Orc:2    | Bought a scroll of identify for 32 gold pieces
 27077 | Orc:2    | Bought a scroll of identify for 32 gold pieces
 27077 | Orc:2    | Bought a scroll of identify for 32 gold pieces
 27080 | Orc:2    | Bought a scroll of identify for 32 gold pieces
 27080 | Orc:2    | Identified a scroll of acquirement
 27288 | Lair:1   | Bought a scroll of identify for 38 gold pieces
 27288 | Lair:1   | Bought a scroll of noise for 19 gold pieces
 27990 | D:12     | Reached XP level 15. HP: 73/73 MP: 30/30
 28151 | D:12     | Noticed Nessos
 28334 | D:12     | Killed Nessos
 28453 | D:12     | Reached skill level 17 in Dodging
 29175 | D:13     | Learned a level 3 spell: Frozen Ramparts
 29311 | D:13     | Found Xiwaofip's Assorted Antiques.
 29463 | D:13     | Found a gate to the Vaults.
 29472 | D:13     | Reached skill level 18 in Dodging
 30496 | D:14     | Noticed Lodul
 30505 | D:14     | Killed Lodul
 30540 | D:14     | Noticed Frances
 30561 | D:14     | Killed Frances
 31011 | D:15     | Entered Level 15 of the Dungeon
 31011 | D:15     | Found a frozen archway.
 31019 | IceCv    | Entered an ice cave
 31033 | IceCv    | Demolished by a minotaur simulacrum
 31034 | IceCv    | Reached XP level 14. HP: -16/91 MP: 31/38
 31096 | IceCv    | Noticed an Ice Fiend
 31115 | IceCv    | Killed an Ice Fiend
 31173 | IceCv    | Identified the +3 leather armour of Xixac {rN+}
 31213 | IceCv    | Annihilated by a caustic shrike simulacrum
 31214 | IceCv    | Reached XP level 13. HP: -30/85 MP: 29/37
 31451 | IceCv    | HP: 3/66 [spriggan defender simulacrum (20)]
 31462 | IceCv    | Reached skill level 10 in Unarmed Combat
 31575 | IceCv    | Reached XP level 14. HP: 70/70 MP: 23/29
 31863 | IceCv    | Mangled by a spriggan defender simulacrum

Illustrated notes

Levels and vault maps discovered:
D:1:      minmay_arrival_four_houses, layout_basic
D:2:      layout_basic
D:3:      layout_basic, uniq_natasha, uniq_ijyb
D:4:      lemuel_castle_with_subvaults [lemuel_castle_interior_carwin_3],
          layout_basic, temple_doors_e, nicolae_concentric_dashed_squares_mild,
          uniq_menkaure, uniq_edmund, uniq_blork_the_orc
D:5:      layout_gridville, uniq_eustachio
D:6:      layout_basic, kennysheep_cross_room, roderic_serpentine_path
D:7:      layout_rooms, uniq_duvessa, uniq_crazy_yiuf_cottage
D:8:      layout_rooms, mainiacjoe_overflow_concentric_impassable,
          enter_bailey_7, uniq_pikel
D:9:      layout_long_grid, david_orc_2
D:10:     minmay_cut_squares, layout_rooms, lair_entry_dummy,
          nicolae_trove_entry_crystal, uniq_gastronok
D:11:     layout_loops_ring
D:12:     layout_basic, nicolae_splish_splash, uniq_nessos
D:13:     layout_stronghold, lightli_vaults_fourway_checkpoint, serial_shops,
          kennysheep_mini_moat, grunt_livestock, kennysheep_cluttered_room
D:14:     layout_basic, chequers_serial_rivers_marsh, uniq_frances, uniq_lodul
D:15:     grunt_enter_depths_snipers, layout_loops_ring,
          nicolae_hepliaklqana_hazy_memory, portal_ice_cave_entry_pillars_2
Temple:   grunt_wide_crystal_templ
Lair:1:   layout_loops_ring, hellmonk_ghost_happy_afterlife
Lair:2:   layout_small_grid, hibernation_bobbens, uniq_maggie, uniq_fannar
Lair:3:   mu_elephants_graveyard, layout_gridlike, minmay_swamp_entry_eels,
          spider_nest_entry_web_field, minmay_stone_trees_small,
          serial_bayou_shore_a, uniq_kirke
Lair:4:   layout_loops_ring, dpeg_slime_entry_enclosed, forest_entry_grove
Lair:5:   evilmike_catoblepas_cave, layout_hall_layers, basic_altar
Orc:1:    layout_caves, serial_shops, nicolae_shop_statue_plus
Orc:2:    grunt_orc_community_town_hall, layout_diamond_mine,
          grunt_orc_community_big_house_1, grunt_orc_community_big_house_2,
          grunt_orc_community_house_1, grunt_orc_community_house_3,
          grunt_orc_community_house_3, grunt_orc_community_house_3,
          grunt_orc_community_house_3, grunt_orc_community_house_3
IceCv:    ice_cave_caverns_02

Skill      XL: |  1  2  3  4  5  6  7  8  9 10 11 12 13 14 15 |
---------------+----------------------------------------------+-----
Dodging        | 3 4 5 6 7 9 10 11 12 16 15 18 | 18.1
Earth Magic    | 3 4 5 6 7 9 10 12 | 12.0
Conjurations   | 4 6 8 9 10 | 10.0
Spellcasting   | 5 6 9 10 | 10.3
Fighting       | 5 7 9 |  9.1
Transmutations | 8 10 11 12 | 12.0
Unarmed Combat | 10 9 8 | 10.7
Stealth        | 4 |  4.0

Action                   |  1- 3 |  4- 6 |  7- 9 | 10-12 | 13-15 || total
-------------------------+-------+-------+-------+-------+-------++-------
Melee: Unarmed           |    32 |     2 |     4 |       |   277 ||   315
       Bite              |       |       |     2 |       |    54 ||    56
       Punch             |       |       |     1 |       |    19 ||    20
 Cast: Sandblast         |    41 |    64 |   314 |   133 |   142 ||   694
       Stone Arrow       |       |       |    45 |   241 |   946 ||  1232
       Statue Form       |       |       |       |       |    52 ||    52
       Petrify           |       |       |       |       |     5 ||     5
Invok: Potion Petition   |       |       |       |       |     1 ||     1
       Call Merchant     |       |       |       |       |     5 ||     5
 Abil: End Transformatio |       |       |       |       |     4 ||     4
Evoke: Wand              |       |       |       |       |     9 ||     9
  Use: Potion            |       |       |     3 |     3 |    17 ||    23
       Scroll            |       |       |     6 |     4 |    14 ||    24
 Stab: Petrified         |       |       |       |       |    18 ||    18
       Distracted        |       |       |       |       |     5 ||     5
Armor: Skin              |     9 |     2 |     3 |     7 |   255 ||   276
Dodge: Dodged            |    30 |    19 |   183 |   161 |  1499 ||  1892

Table legend: (Time is in decaauts)
 A = Elapsed time spent in this place.
 B = Non-inter-level travel time spent in this place.
 C = Inter-level travel time spent in this place.
 D = Time resting spent in this place.
 E = Time spent auto-exploring this place.
 F = Levels seen in this place.
 G = Mean time per level.
                   A        B        C        D        E       F      G
               +--------+--------+--------+--------+--------+-----+--------+
         Total |  29680 |  27442 |   2238 |   2643 |  18154 |  25 | 1187.2 |
       Dungeon |  17467 |  15853 |   1614 |   1725 |  10525 |  15 | 1164.5 |
        Temple |     54 |     43 |     11 |      0 |     30 |   1 |   54.0 |
          Lair |   7836 |   7390 |    446 |    607 |   5027 |   5 | 1567.2 |
  Orcish Mines |   2800 |   2634 |    166 |    116 |   1698 |   2 | 1400.0 |
        Bailey |    619 |    619 |      0 |      0 |    507 |   1 |  619.0 |
      Ice Cave |    903 |    903 |      0 |    195 |    366 |   1 |  903.0 |
               +--------+--------+--------+--------+--------+-----+--------+

Top non-repeatable levels by time:
     D:4: 2871 daAuts
   Orc:2: 2078 daAuts
     D:9: 2072 daAuts
  Lair:3: 1947 daAuts
  Lair:5: 1837 daAuts
    D:10: 1651 daAuts
  Lair:1: 1583 daAuts
  Lair:2: 1449 daAuts
     D:6: 1275 daAuts
    D:13: 1268 daAuts
    D:14: 1190 daAuts
     D:7: 1154 daAuts
     D:8: 1069 daAuts
    D:11: 1065 daAuts
  Lair:4: 1018 daAuts
